 Dungeon Crawl Stone Soup version 0.19.0-2-gae57169 (webtiles) character file.

50233 Monkfish the Unseen (level 14, -23/91 HPs)
             Began as a Kobold Berserker on Nov 6, 2016.
             Was a High Priest of Trog.
             Annihilated by Zorot's ghost (35 damage)
             ... on level 6 of the Lair of Beasts.
             The game lasted 00:38:05 (15454 turns).

Monkfish the Unseen (Kobold Berserker)             Turns: 15454, Time: 00:38:06

Health: -23/91     AC: 10    Str: 16    XL:     14   Next: 96%
Magic:  25/25      EV: 27    Int:  6    God:    Trog [*****.]
Gold:   1456       SH:  0    Dex: 29    Spells: 0 memorised, 13 levels left

rFire  + + +     SeeInvis +     L - +10 rapier of Conformity {flame, rN+ Int-2 Dex+4}
rCold  . . .     Gourm    .     d - +1 ring mail "Ytiemip" {MP+9 Dex+7}
rNeg   + + +     Faith    .     (shield restricted)
rPois  .         Spirit   .     I - +1 hat {SInv}
rElec  .         Reflect  .     h - +0 cloak
rCorr  .         Harm     .     j - +0 pair of gloves
MR     +....     NoTele   +     g - +0 pair of boots
Stlth  ++++++++..               E - amulet "Piho" {-Tele Fragile rF+++ rN+++ Regen+}
                                e - ring of positive energy
                                t - ring of protection from fire

@: exhausted, slowed, very slow
A: carnivore 3
a: Berserk, Trog's Hand, Brothers in Arms, Burn Spellbooks, Renounce Religion


You were on level 6 of the Lair of Beasts.
You worshipped Trog.
Trog was extremely pleased with you.
You were very full.

You visited 2 branches of the dungeon, and saw 17 of its levels.
You also visited: Labyrinth, Sewer and Volcano.

You collected 1456 gold pieces.

Inventory:

Hand Weapons
 q - a +5 short sword of draining
 y - a +8 antimagic quick blade
 L - the +10 rapier of Conformity (weapon) {flame, rN+ Int-2 Dex+4}
   (Trog gifted it to you on level 1 of the Lair of Beasts)

   It has been specially enchanted to burn those struck by it, causing extra
   injury to most foes and up to half again as much damage against particularly
   susceptible opponents.
   It affects your intelligence (-2).
   It affects your dexterity (+4).
   It protects you from negative energy.
Armour
 d - the +1 ring mail "Ytiemip" (worn) {MP+9 Dex+7}
   (You found it on level 11 of the Dungeon)

   It affects your dexterity (+7).
   It affects your magic capacity (+9).
 g - a +0 pair of boots (worn)
 h - a +0 cloak (worn)
 j - a +0 pair of gloves (worn)
 D - the +3 salamander hide armour {+Rage rF++}
   (You found it on level 10 of the Dungeon)

   It greatly protects you from fire.
   It lets you go berserk.
 I - a +1 hat of see invisible (worn)
Rods
 r - a +4 lightning rod (13/13)
   (You took it off a minotaur in a labyrinth)
Jewellery
 e - a ring of positive energy (right hand)
 t - a ring of protection from fire (left hand)
 E - the amulet "Piho" (around neck) {-Tele Fragile rF+++ rN+++ Regen+}
   (You took it off a minotaur in a labyrinth)

   [amulet of regeneration]

   It renders you almost immune to fire.
   It renders you almost immune to negative energy.
   It prevents most forms of teleportation.
   It increases your rate of regeneration.
   It will be destroyed if unequipped.
Wands
 a - a wand of paralysis (11/24)
 i - a wand of paralysis (20/24)
 o - a wand of teleportation (3/9)
 s - a wand of iceblast (3/15)
 u - a wand of teleportation (4/9)
 G - a wand of lightning (9/15)
 J - a wand of paralysis (10/24)
 K - a wand of paralysis (18/24)
 M - a wand of digging (12/24)
 N - a wand of iceblast (9/15)
Scrolls
 b - 2 scrolls of enchant armour
 f - 7 scrolls of teleportation
 l - 5 scrolls of remove curse
 x - 3 scrolls of fog
 B - a scroll of magic mapping
 H - 2 scrolls of recharging
Potions
 k - 6 potions of curing
 n - 2 potions of resistance
 p - 6 potions of might
 v - a potion of haste
 w - 2 potions of cancellation
 A - 4 potions of agility
 P - a potion of cure mutation
Miscellaneous
 O - a disc of storms
Comestibles
 c - 6 meat rations
 m - 2 slices of pizza
 z - 9 beef jerkies
 C - 20 royal jellies
 F - a chunk of flesh


   Skills:
 + Level 11.9 Fighting
 + Level 15.8 Short Blades
 - Level 1.5 Armour
 * Level 12.1 Dodging
 + Level 20.5 Stealth
 * Level 2.9 Evocations


You had 13 spell levels left.
You didn't know any spells.

Dungeon Overview and Level Annotations

Branches:
Dungeon (11/15)            Temple (0/1) D:7            Lair (6/6) D:9
  Swamp (0/4) Lair:3       Spider (0/4) Lair:4        Slime (0/5) Lair:6
    Orc (0/2) D:9

Altars:
Ashenzari
Fedhas
Gozag
Kikubaaqudgha
Nemelex Xobeh
Okawaru
Qazlal
Uskayaw
Vehumet
Xom
Yredelemnul
Zin

Shops:
D:5 (

Annotations:
Lair:3 exclusion: 3 oklob plants
Lair:6 Zorot's ghost, journeyman TrMo


Innate Abilities, Weirdness & Mutations

You are small and have problems with some larger weapons.
You are carnivorous and can eat meat at any time.


Message History

A komodo dragon comes into view.
You feel sick.
You feel sick. Zorot's ghost misses you.
You feel sick.
The komodo dragon hisses angrily.
You puncture Zorot's ghost! You burn Zorot's ghost.
Zorot's ghost is lightly damaged.
You feel sick.
Zorot's ghost feints to the right.
Zorot's ghost hits you!!!
* * * LOW HITPOINT WARNING * * *
As you read the scroll of fog, it crumbles to dust.
The scroll dissolves into smoke.
You feel sick. Zorot's ghost misses you.
You feel better. Zorot's ghost hits you!!
* * * LOW HITPOINT WARNING * * *
Zorot's ghost misses you.
You feel better.
The elephant tramples you but does no damage.
The elephant completely misses you. Zorot's ghost hits you!!
You die...

*P.##* ##..###.## ♣♣♣#...#
####### #.........
**♣♣......####.##..####........
***,♣..........#......##.........
*,,,.........[##.......##........
,****♣..........#................
** ♣♣♣.......#.......[..†.......
♣........#§§§§...............
*♣......###§@§..............†
♣......#.#§WY..............†
♣♣......?...l§...............
♣............................
♣...........Y................
♣♣♣.......................... **
♣........................... .***
♣...†.†.....................
♣..♣♣♣....†......................


You could see an elephant, a komodo dragon and Zorot's ghost.

Vanquished Creatures
  A minotaur (Lab)
  Erolcha (D:10)
  5 hydras
  Harold (D:10)
  A dancing weapon (Volcano)
  The ghost of Monkfish the Unseen, a journeyman KoBe of Trog (Volcano)
  Urug (Lair:2)
  6 wizards
  2 hill giants
  A lindwurm (Lair:2)
  A cyclops (D:11)
  18 elephants
  A manticore (D:10)
  5 toenail golems (Volcano)
  6 black mambas
  14 spiny frogs
  A gargoyle (D:11)
  A rime drake (Lair:1)
  7 komodo dragons
  2 hornets (D:10)
  A queen bee (Lair:1)
  2 polar bears (Lair:3)
  Grinder (D:6)
  11 blink frogs
  4 slime creatures (Lair:6)
  5 hippogriffs
  A two-headed ogre (D:9)
  A dream sheep (Lair:6)
  3 wyverns
  3 basilisks
  12 yaks (Lair:6)
  A hungry ghost (D:11)
  Menkaure (D:6)
  19 water moccasins
  2 soldier ants
  11 porcupines
  A black bear (D:6)
  A sky beast (D:6)
  14 ice beasts
  5 orc warriors
  5 ogres
  2 necrophages
  14 wolves
  2 centaurs (D:11)
  15 crocodiles
  17 bullfrogs
  2 big kobolds
  A wyvern skeleton (D:7)
  4 scorpions
  A water moccasin skeleton (D:9)
  32 killer bees
  4 wights (D:6)
  An electric eel (Lair:3)
  2 howler monkeys
  5 crimson imps
  2 centaur zombies (D:11)
  A quasit (D:8)
  2 jellies
  A bullfrog zombie (D:11)
  4 hounds
  2 centaur skeletons
  6 orc priests
  14 two-headed ogre zombies (D:10)
  A bullfrog skeleton (D:11)
  10 orc wizards
  5 worker ants
  11 iguanas
  4 hell rats (Lair:5)
  3 hound zombies
  A worker ant zombie (D:10)
  11 gnolls
  6 river rats
  11 adders
  2 shadow imps
  An ooze (D:2)
  An adder skeleton (D:9)
  2 worms
  4 dart slugs
  10 leopard geckos
  54 orcs
  2 ball pythons (D:3)
  8 giant cockroaches
  7 goblins
  12 hobgoblins
  12 jackals
  3 quokkas
  11 bats
  16 frilled lizards
  16 kobolds
  A quokka skeleton (D:8)
  7 rats
546 creatures vanquished.

Vanquished Creatures (others)
  3 fungi
  8 plants
11 creatures vanquished.

Grand Total: 557 creatures vanquished

Notes
Turn   | Place    | Note
-------+----------+-------------------------------------------
     0 | D:1      | Monkfish the Kobold Berserker began the quest for the Orb.
     0 | D:1      | Reached XP level 1. HP: 14/14 MP: 1/1
    21 | D:1      | Reached skill level 1 in Stealth
    21 | D:1      | Reached XP level 2. HP: 17/19 MP: 2/2
   444 | D:1      | Reached XP level 3. HP: 23/23 MP: 3/3
   578 | D:1      | Reached ** piety under Trog
   578 | D:1      | Reached skill level 2 in Stealth
   817 | D:2      | Reached XP level 4. HP: 29/29 MP: 4/4
   824 | D:2      | Reached skill level 5 in Short Blades
   871 | D:2      | Reached skill level 3 in Stealth
   879 | D:2      | Reached XP level 5. HP: 14/33 MP: 5/5
  2115 | D:3      | Found a glowing drain.
  2168 | Sewer    | Entered a sewer
  2170 | Sewer    | Reached XP level 6. HP: 33/39 MP: 6/6
  2186 | Sewer    | Reached skill level 4 in Stealth
  2313 | Sewer    | Reached *** piety under Trog
  2360 | Sewer    | Found a white marble altar of Elyvilon.
  2876 | D:3      | Reached **** piety under Trog
  2927 | D:3      | Found an ancient bone altar of Kikubaaqudgha.
  3150 | D:4      | Found a basalt altar of Yredelemnul.
  3151 | D:4      | Found a shimmering altar of Xom.
  3321 | D:4      | Found an iron altar of Okawaru.
  3369 | D:4      | Reached skill level 5 in Stealth
  3369 | D:4      | Reached XP level 7. HP: 44/44 MP: 7/7
  3693 | D:5      | Entered Level 5 of the Dungeon
  3778 | D:5      | Reached skill level 6 in Stealth
  3798 | D:5      | Found a blossoming altar of Fedhas.
  3827 | D:5      | Found an opulent altar of Gozag.
  3828 | D:5      | Found a sparkling altar of Nemelex Xobeh.
  3896 | D:5      | Reached skill level 7 in Stealth
  4034 | D:5      | Received a gift from Trog
  4034 | D:5      | Reached XP level 8. HP: 48/48 MP: 8/8
  4078 | D:5      | Found Okizes's Weapon Shoppe.
  4292 | D:5      | Reached skill level 8 in Stealth
  4463 | D:6      | Noticed Grinder
  4475 | D:6      | Killed Grinder
  4475 | D:6      | Reached skill level 9 in Stealth
  4491 | D:6      | Found a hide-covered altar of Uskayaw.
  4626 | D:6      | Noticed Menkaure
  4635 | D:6      | Killed Menkaure
  4635 | D:6      | Reached skill level 5 in Fighting
  4889 | D:6      | Reached XP level 9. HP: 37/54 MP: 9/9
  4919 | D:6      | Found a shattered altar of Ashenzari.
  4919 | D:6      | Found a stormy altar of Qazlal.
  5001 | D:6      | Reached skill level 10 in Stealth
  5023 | D:6      | Reached skill level 5 in Dodging
  5287 | D:7      | Reached skill level 10 in Short Blades
  5324 | D:7      | Found a staircase to the Ecumenical Temple.
  5354 | D:7      | Found a radiant altar of Vehumet.
  5507 | D:7      | Reached skill level 11 in Stealth
  5596 | D:7      | Reached ***** piety under Trog
  5623 | D:7      | Noticed a hippogriff
  5635 | D:7      | Killed a hippogriff
  5974 | D:8      | Reached XP level 10. HP: 60/60 MP: 10/10
  6287 | D:8      | Found a glowing silver altar of Zin.
  6628 | D:9      | Reached skill level 12 in Stealth
  6706 | D:9      | Found a staircase to the Orcish Mines.
  6782 | D:9      | Found a blossoming altar of Fedhas.
  6808 | D:9      | Received a gift from Trog
  6820 | D:9      | Noticed a spiny frog
  6856 | D:9      | Killed a spiny frog
  6856 | D:9      | Reached skill level 13 in Stealth
  7022 | D:9      | Found a staircase to the Lair.
  7040 | D:9      | Reached XP level 11. HP: 48/67 MP: 11/11
  7280 | D:10     | Entered Level 10 of the Dungeon
  7280 | D:10     | Noticed Harold
  7280 | D:10     | Noticed a hill giant
  7282 | D:10     | Killed a hill giant
  7477 | D:10     | Received a gift from Trog
  7505 | D:10     | Noticed a manticore
  7514 | D:10     | Killed a manticore
  7549 | D:10     | Killed Harold
  7549 | D:10     | Reached skill level 14 in Stealth
  8292 | D:10     | Noticed Erolcha
  8344 | D:10     | Killed Erolcha
  8439 | D:11     | Got an emerald-studded ring mail
  8664 | D:11     | Reached skill level 15 in Stealth
  8789 | D:11     | Reached XP level 12. HP: 75/75 MP: 4/12
  9448 | Lair:1   | Entered Level 1 of the Lair of Beasts
  9454 | Lair:1   | Identified the cursed +1 ring mail "Ytiemip" {MP+9 Dex+7} (You found it on level 11 of the Dungeon)
  9474 | Lair:1   | Noticed a five-headed hydra
  9487 | Lair:1   | Killed a five-headed hydra
  9685 | Lair:1   | Reached skill level 16 in Stealth
  9717 | Lair:1   | Received a gift from Trog
  9948 | Lair:1   | Found a shimmering altar of Xom.
 10258 | Lair:2   | Found a dark tunnel.
 10267 | Volcano  | Entered a volcano
 10275 | Volcano  | Noticed a wizard
 10278 | Volcano  | Killed a wizard
 10314 | Volcano  | Noticed a wizard
 10339 | Volcano  | Killed a wizard
 10345 | Volcano  | Noticed a wizard
 10357 | Volcano  | Killed a wizard
 10357 | Volcano  | Reached skill level 17 in Stealth
 10381 | Volcano  | Noticed a wizard
 10382 | Volcano  | Noticed Monkfish's ghost (journeyman KoBe)
 10401 | Volcano  | Reached XP level 13. HP: 82/82 MP: 4/13
 10405 | Volcano  | Killed Monkfish's ghost
 10472 | Volcano  | Reached skill level 10 in Fighting
 10614 | Lair:2   | Found a labyrinth entrance.
 10622 | Lab      | Entered a labyrinth
 10860 | Lab      | Noticed a minotaur
 10873 | Lab      | Killed a minotaur
 10873 | Lab      | Reached skill level 18 in Stealth
 10875 | Lab      | Got a shimmering copper amulet
 10878 | Lab      | Got a coiled platinum amulet
 10919 | Lair:2   | Reached skill level 10 in Dodging
 11157 | Lair:2   | Reached skill level 1 in Evocations
 11679 | Lair:2   | Noticed Urug
 11684 | Lair:2   | Killed Urug
 11796 | Lair:2   | Reached skill level 19 in Stealth
 12054 | Lair:3   | Got a jewelled cloak
 12065 | Lair:3   | Identified the +0 cloak "Wotixam" {Dex+5 Stlth-} (You found it on level 3 of the Lair of Beasts)
 12120 | Lair:3   | Noticed an eight-headed hydra
 12154 | Lair:3   | Identified the amulet "Piho" {-Tele Fragile rF+++ rN+++ Regen+} (You took it off a minotaur in a labyrinth)
 12283 | Lair:3   | Killed an eight-headed hydra
 12374 | Lair:1   | Got a bloodstained rapier {god gift}
 12375 | Lair:1   | Identified the +10 rapier of Conformity {flame, rN+ Int-2 Dex+4} (Trog gifted it to you on level 1 of the Lair of Beasts)
 12585 | Lair:3   | Found a staircase to the Swamp.
 12729 | Lair:3   | Reached XP level 14. HP: 88/88 MP: 15/15
 13096 | Lair:3   | Identified the amulet of Cit Dahu {Reflect *Corrode rN++ Int+2 SH+2} (You found it in a labyrinth)
 13277 | Lair:4   | Found a hole to the Spider Nest.
 13655 | Lair:4   | Reached skill level 15 in Short Blades
 13863 | Lair:4   | Reached skill level 20 in Stealth
 14633 | Lair:6   | Entered Level 6 of the Lair of Beasts
 14988 | Lair:6   | Found a staircase to the Slime Pits.
 15060 | Lair:6   | Noticed Zorot's ghost (journeyman TrMo)
 15258 | Lair:6   | Noticed an entropy weaver
 15258 | Lair:6   | Noticed an entropy weaver
 15453 | Lair:6   | HP: 4/91 [Zorot's ghost (24)]
 15454 | Lair:6   | Annihilated by Zorot's ghost

Skill      XL: |  1  2  3  4  5  6  7  8  9 10 11 12 13 14 |
---------------+-------------------------------------------+-----
Stealth        | 1 2 3 5 7 9 11 13 15 17 19 20 | 20.5
Fighting       | 4 5 7 8 9 10 11 | 11.9
Short Blades   | 5 6 7 8 10 12 13 14 15 | 15.8
Dodging        | 3 4 5 6 8 9 10 12 | 12.1
Evocations     | 1 2 |  2.9
Armour         | |  1.5

Action                   |  1- 3 |  4- 6 |  7- 9 | 10-12 | 13-15 || total
-------------------------+-------+-------+-------+-------+-------++-------
Melee: Short sword       |    88 |   302 |   305 |   497 |   218 ||  1410
       Quick blade       |       |       |       |   351 |    21 ||   372
       Rapier            |       |       |       |       |   457 ||   457
Invok: Berserk           |     3 |     5 |     7 |    13 |    10 ||    38
       Trog's Hand       |       |     2 |     2 |    15 |    11 ||    30
       Burn Spellbooks   |       |       |       |     3 |     7 ||    10
       Brothers in Arms  |       |       |       |     1 |       ||     1
Evoke: Wand              |       |       |     1 |       |     5 ||     6
  Use: Scroll            |     6 |     3 |     7 |    17 |     9 ||    42
       Potion            |     3 |     2 |       |     9 |     3 ||    17
 Stab: Sleeping          |       |    22 |     8 |    35 |    30 ||    95
       Distracted        |       |       |     1 |       |     7 ||     8
  Eat: Chunk             |     4 |    16 |    14 |    26 |    27 ||    87
       Meat ration       |       |       |       |     1 |     1 ||     2
       Royal jelly       |       |       |       |     1 |       ||     1
Armor: Leather armour    |     6 |    55 |    22 |    50 |     1 ||   134
       Animal skin       |     1 |       |       |       |       ||     1
       Ring mail         |       |       |       |    21 |    80 ||   101
Dodge: Dodged            |    70 |   213 |   116 |   446 |   481 ||  1326
